Map: Blackpink LE

Players

Optimus

  • Race: Terran Terran
  • Spawn Location: 1:00

TRUE - Winner!

  • Race: Zerg Zerg
  • Spawn Location: 7:00

Event: IEM Season 12 - Katowice

VOD

Have the link to the VOD?

Description

Time

  • Played on: Feb. 26, 2018, 9:17 a.m.
  • Length: 24:28

All games in this series

Show
View Real Time Build Order
Export as new Build Order

Optimus Terran 

Build Orders: Gas First Reaper Expand, Reaper Expand, Hellion Banshee, MMM Bio 

Get SALT Encoding   

  12  0:00  SCV  
  13  0:12  SCV  
  14  0:18  Supply Depot  
  14  0:24  SCV  
  15  0:30  Refinery  
  15  0:39  SCV  
  16  0:45  Barracks  
  16  0:52  SCV  
  17  1:04  SCV  
  18  1:16  SCV  
  19  1:32  Reaper, Orbital Command  
  20  1:42  Command Center  
  20  1:54  Factory  
  20  1:57  SCV  
  21  2:03  Refinery  
  21  2:08  Barracks Reactor  
  21  2:10  SCV  
  21  2:13  Supply Depot  
  22  2:22  SCV  
  23  2:35  SCV  
  24  2:39  Starport  
  24  2:47  SCV  
  24  2:48  Hellion x2  
  24  2:50  Barracks Tech Lab  
  29  2:55  Orbital Command  
  29  3:09  Hellion x2  
  29  3:10  SCV  
  34  3:21  Viking  
  34  3:23  Cloaking Field  
  36  3:27  SCV  
  36  3:28  SCV  
  38  3:38  Supply Depot  
  38  3:39  SCV  
  39  3:42  Hellion x2  
  39  3:45  SCV  
  44  3:51  SCV  
  45  3:57  SCV  
  45  4:00  Banshee  
  45  4:01  Supply Depot  
  49  4:03  SCV  
  49  4:07  Supply Depot  
  50  4:11  SCV  
  50  4:15  SCV  
  50  4:16  Marine  
  53  4:25  Command Center  
  53  4:30  Supply Depot  
  53  4:33  SCV  
  53  4:34  Supply Depot  
  53  4:35  SCV  
  53  4:37  Barracks Tech Lab  
  55  4:43  Banshee  
  55  4:45  SCV  
  59  4:50  SCV  
  60  4:57  SCV, Marine  
  62  5:00  Supply Depot  
  62  5:07  Factory Reactor  
  62  5:09  SCV  
  62  5:10  Barracks  
  62  5:11  Barracks  
  62  5:12  SCV  
  64  5:15  Marine  
  64  5:21  SCV  
  64  5:24  SCV  
  64  5:26  Engineering Bay  
  64  5:27  Engineering Bay  
  65  5:32  Starport Reactor  
  65  5:33  Siege Tank, Marine  
  69  5:37  SCV  
  69  5:41  Orbital Command  
  70  5:43  Refinery  
  70  5:45  SCV  
  71  5:50  SCV  
  71  5:51  Marine  
  71  5:52  Stimpack  
  71  5:54  Supply Depot  
  73  5:57  SCV  
  73  5:58  Marine x2  
  73  6:02  SCV  
  77  6:08  Marine  
  77  6:11  Siege Tank  
  81  6:15  Terran Infantry Armor Level 1, Terran Infantry Weapons Level 1  
  73  6:20  SCV x2, Marine  
  73  6:21  Marine x2  
  73  6:22  Starport Reactor  
  73  6:24  SCV  
  77  6:30  Marine x2  
  79  6:33  Refinery  
  79  6:38  Marine  
  79  6:39  Marine  
  80  6:40  Orbital Command, Marine, Barracks x2  
  80  6:43  Siege Tank  
  82  6:47  SCV x2  
  82  6:48  Marine  
  82  6:49  Supply Depot  
  82  6:53  Marine  
  83  6:56  Marine  
  83  6:59  SCV x2  
  83  7:00  Medivac x2  
  90  7:02  Marine x2  
  90  7:03  Armory  
  90  7:05  SCV  
  90  7:06  Marine  
  94  7:11  SCV x2, Marine  
  94  7:14  Marine  
  98  7:19  Barracks  
  98  7:20  Barracks  
  98  7:21  Siege Tank, Barracks  
  98  7:22  SCV  
  102  7:23  SCV  
  102  7:24  SCV  
  102  7:27  Supply Depot  
  102  7:29  Barracks Reactor  
  104  7:30  Barracks Reactor  
  104  7:31  Marine x4  
  104  7:34  SCV  
  104  7:36  SCV  
  110  7:37  Refinery  
  110  7:39  Supply Depot  
  108  7:45  Marine  
  108  7:46  SCV  
  108  7:47  SCV  
  108  7:48  SCV  
  108  7:50  Supply Depot x2  
  108  7:51  Marine  
  112  7:52  Combat Shields  
  112  7:53  Siege Tank  
  112  7:55  Marine  
  112  7:58  Supply Depot, SCV  
  117  7:59  SCV  
  117  8:00  SCV  
  120  8:09  Barracks Tech Lab x2  
  120  8:10  Barracks Tech Lab  
  120  8:11  SCV  
  120  8:13  Marine x2  
  120  8:14  Marine x6  
  120  8:17  Terran Infantry Weapons Level 2, Marauder  
  120  8:18  Terran Infantry Armor Level 2  
  131  8:20  SCV  
  131  8:23  Refinery  
  131  8:26  Supply Depot  
  129  8:27  Marine x2  
  129  8:29  Marauder  
  129  8:31  Concussive Shells  
  133  8:35  Marine x6  
  133  8:38  Marauder  
  133  8:40  Medivac  
  143  8:42  Medivac  
  145  8:50  Command Center  
  145  8:53  Marauder x3  
  151  8:57  Marine x6  
  151  9:02  Marine  
  158  9:07  Supply Depot  
  158  9:12  Medivac  
  158  9:13  Medivac  
  158  9:14  Marauder x3  
  158  9:15  Unknown  
  168  9:20  Marine x3, Marauder  
  173  9:26  Supply Depot  
  173  9:27  Supply Depot  
  173  9:28  Marine x4  
  173  9:29  Marine  
  173  9:30  Unknown, Siege Tank  
  181  9:41  Ghost Academy  
  181  9:47  Marine x2  
  181  9:48  Marine x4  
  193  9:55  Medivac x2  
  192  10:09  Personal Cloaking  
  192  10:10  Ghost x4  
  198  10:14  Marine x2  
  198  10:26  Medivac x2  
  196  10:30  Marine x3  
  196  10:31  Marine x3  
  196  10:34  Siege Tank  
  194  10:39  Marauder x2  
  194  10:42  Ghost  
  200  10:51  Refinery x2  
  200  10:52  Command Center  
  200  10:59  Missile Turret  
  200  11:05  Missile Turret  
  200  11:06  Sensor Tower  
  200  11:07  Liberator x2  
  200  11:25  SCV x2, Marine, Marauder x2  
  187  11:27  Marine x3  
  187  11:28  Siege Tank  
  187  11:29  SCV, Marine x6  
  183  11:37  SCV  
  184  11:43  Marine  
  184  11:46  Marine  
  186  11:47  Marine x2, Marauder x2  
  188  11:54  Planetary Fortress  
  188  12:00  SCV  
  188  12:01  Siege Tank  
  192  12:03  Marine  
  192  12:04  Marine x2  
  192  12:06  SCV  
  192  12:08  SCV  
  197  12:12  SCV  
  197  12:14  Marine x3  
  198  12:18  Marine x3  
  189  12:28  Unknown x2  
  189  12:29  SCV x2  
  189  12:33  Siege Tank  
  192  12:39  Missile Turret, SCV x2  
  192  12:41  SCV  
  193  12:44  Ghost  
  193  12:45  Ghost  
  189  12:57  Ghost x2  
  193  12:59  SCV x4  
  193  13:05  Terran Infantry Weapons Level 3, Siege Tank  
  200  13:10  Terran Infantry Armor Level 3  
  200  13:25  Command Center  
  200  13:26  Terran Ship Weapons Level 1  
  200  13:27  Command Center  
  200  13:33  Liberator x2  
  199  13:38  Ghost x2  
  199  13:43  Marine  
  199  13:44  Marine x9  
  195  14:06  Ghost x2  
  199  14:19  Command Center  
  193  14:25  Ghost x2  
  188  14:33  Medivac x2  
  188  14:34  Ghost  
  188  14:35  Ghost  
  188  14:36  Marine  
  188  14:37  Marine x6  
  194  14:43  Orbital Command  
  193  14:53  Ghost x2  
  193  14:58  Starport  
  193  14:59  Fusion Core  
  197  15:00  Starport  
  189  15:20  SCV x2  
  175  15:23  Medivac x2  
  175  15:25  SCV x2  
  175  15:26  SCV  
  175  15:27  Ghost x3  
  188  15:32  SCV, Orbital Command  
  155  15:43  Ghost  
  136  15:51  SCV x2  
  136  15:52  SCV, Liberator  
  136  15:53  Liberator  
  136  15:56  Ghost, Starport Reactor, Starport Tech Lab  
  141  15:57  SCV  
  141  15:59  SCV  
  141  16:02  Marine x2  
  141  16:03  SCV x2  
  147  16:06  Orbital Command  
  147  16:08  SCV  
  154  16:13  SCV  
  157  16:22  Marine x3  
  157  16:24  Marine  
  161  16:31  Marauder x2  
  161  16:32  Sensor Tower  
  162  16:36  Barracks Tech Lab  
  162  16:37  Marauder  
  162  16:39  Advanced Ballistics  
  164  16:42  Liberator x2  
  164  16:44  Refinery, Liberator  
  164  16:45  Refinery  
  164  16:46  Marine x3  
  167  16:50  Drilling Claws  
  167  16:52  Widow Mine, Marauder  
  167  16:53  Marauder  
  182  17:02  Marine  
  182  17:03  Marine  
  182  17:06  Marine x3  
  187  17:12  Orbital Command  
  177  17:22  Marine x5, Marauder x2  
  165  17:27  Orbital Command  
  165  17:29  Marine, Liberator  
  164  17:33  Marine x4  
  168  17:37  SCV  
  168  17:38  SCV x2  
  168  17:40  SCV, Marine x5  
  168  17:43  Marine x2  
  179  17:47  Marine  
  179  17:49  SCV  
  184  17:53  SCV x3  
  184  17:57  Ghost  
  189  18:08  Widow Mine  
  189  18:09  Ghost x2  
  197  18:13  Ghost  
  197  18:18  Marine x3  
  200  18:25  Command Center  
  199  18:35  Ghost  
  196  19:04  Refinery  
  196  19:05  Ghost x2, Command Center, Refinery  
  196  19:06  Command Center  
  197  19:15  Ghost x2  
  198  19:21  Command Center, Building Armor, Hi-Sec Auto Tracking  
  195  19:24  Nuke  
  195  19:30  Ghost Academy  
  195  19:35  Ghost Academy  
  195  19:39  Liberator x2  
  195  19:40  Liberator  
  195  19:49  Ghost x2  
  195  19:51  Missile Turret  
  190  19:55  Widow Mine x2  
  198  20:01  Nuke  
  198  20:05  Nuke  
  198  20:14  Command Center  
  198  20:16  Liberator x2  
  186  20:23  Ghost x3  
  186  20:27  Widow Mine x2  
  150  20:31  Orbital Command  
  150  20:32  Ghost x2, Orbital Command  
  150  20:33  Marine, Liberator  
  146  20:41  Marine  
  146  20:42  Marine x4  
  137  20:43  SCV, Liberator  
  131  20:51  Marine  
  131  20:52  SCV, Marine  
  130  21:01  Marine  
  131  21:07  SCV x2  
  131  21:08  Marine  
  134  21:21  Refinery  
  134  21:24  Orbital Command  
  134  21:27  Nuke  
  134  21:32  Widow Mine  
  134  21:33  Widow Mine  
  136  21:42  Marine x4  
  140  21:47  Liberator  
  140  21:51  Liberator  
  140  21:52  Marine x6  
  140  21:53  Widow Mine  
  148  21:54  Widow Mine  
  148  22:01  Orbital Command, Marine  
  150  22:02  Orbital Command, Marine x3  
  160  22:19  Marine x7  
  149  22:32  Medivac x2  
  153  22:41  Widow Mine x2  
  157  22:48  Marine x2  
  144  22:53  SCV  
  145  23:02  Marine  
  141  23:08  Marine  
  139  23:14  Widow Mine x2, Marine x3  
  146  23:21  SCV  
  146  23:22  SCV  
  148  23:31  Marine x2  
  148  23:34  Orbital Command  
  149  23:36  Widow Mine  
  149  23:39  Marine  
  149  23:40  Marine  
  133  23:54  SCV  
  120  24:03  Marine x2  
  120  24:09  Marine x2  
Show
View Real Time Build Order
Export as new Build Order

TRUE Zerg - Winner!

Build Orders: Hatch First 

Get SALT Encoding   

  12  0:00  Drone  
  13  0:12  Overlord  
  13  0:17  Drone  
  14  0:30  Drone x2  
  14  0:35  Drone  
  17  0:51  Hatchery  
  17  0:54  Drone  
  17  1:07  Spawning Pool  
  17  1:09  Extractor  
  15  1:11  Drone  
  15  1:16  Drone  
  17  1:19  Drone  
  18  1:28  Drone  
  19  1:39  Overlord  
  19  1:54  Queen, Zergling x2  
  19  2:00  Zergling x2  
  23  2:03  Queen  
  23  2:06  Zergling x2  
  26  2:09  Metabolic Boost  
  26  2:15  Drone x2  
  28  2:23  Drone  
  28  2:25  Drone  
  30  2:32  Drone  
  30  2:34  Queen  
  30  2:36  Drone  
  34  2:43  Overlord  
  34  2:49  Queen  
  36  3:02  Drone x2  
  36  3:04  Drone x3  
  36  3:05  Drone  
  42  3:06  Drone  
  42  3:08  Drone  
  42  3:11  Overlord  
  44  3:31  Hatchery  
  43  3:35  Queen  
  45  3:41  Lair  
  45  3:44  Drone x4  
  45  3:47  Drone x2  
  51  3:50  Overlord  
  51  3:56  Evolution Chamber  
  51  3:59  Roach Warren  
  49  4:03  Drone, Extractor  
  49  4:04  Drone, Extractor  
  50  4:10  Drone x3  
  52  4:18  Overlord  
  52  4:27  Extractor, Overlord  
  52  4:28  Drone  
  52  4:36  Queen  
  52  4:37  Drone x4  
  52  4:38  Drone  
  59  4:39  Glial Reconstitution  
  59  4:40  Overseer  
  59  4:47  Roach x3  
  59  4:51  Drone x2  
  67  4:53  Roach  
  67  4:56  Roach  
  67  4:59  Overlord  
  71  5:05  Roach  
  73  5:07  Overlord  
  73  5:10  Overlord  
  73  5:12  Overlord  
  73  5:14  Overlord  
  72  5:22  Zerg Missile Weapons Level 1  
  72  5:28  Drone x6  
  77  5:31  Drone x2  
  77  5:33  Drone  
  81  5:40  Drone  
  81  5:41  Infestation Pit  
  81  5:42  Drone x2  
  83  5:43  Drone  
  83  5:45  Drone  
  85  5:50  Overlord  
  85  5:54  Roach  
  85  5:55  Roach x2  
  85  5:56  Roach  
  93  5:58  Roach  
  93  6:01  Drone x2  
  93  6:02  Drone  
  98  6:04  Overseer  
  98  6:06  Overseer  
  98  6:10  Extractor  
  92  6:12  Queen  
  91  6:21  Burrow  
  91  6:22  Spore Crawler  
  91  6:24  Spore Crawler  
  81  6:37  Drone x10  
  81  6:38  Drone x4  
  92  6:41  Drone  
  92  6:46  Drone x2  
  95  6:47  Drone x3  
  95  6:49  Drone x2  
  98  6:58  Extractor  
  97  7:11  Hatchery  
  97  7:13  Evolution Chamber  
  97  7:15  Zergling x14  
  102  7:16  Zerg Ground Armor Level 1  
  102  7:20  Infestor x2  
  102  7:22  Ravager, Zergling x6  
  110  7:23  Ravager  
  110  7:26  Ravager x3  
  110  7:29  Overlord  
  114  7:31  Overlord  
  114  7:33  Overlord  
  114  7:34  Overlord  
  114  7:36  Overlord  
  114  7:37  Overlord  
  114  7:40  Overlord  
  114  7:41  Overlord  
  114  7:46  Overlord  
  114  7:47  Zerg Melee Weapons Level 1  
  114  7:53  Hatchery  
  114  7:56  Ravager, Baneling Nest, Zergling x2  
  114  7:57  Zergling x2  
  114  7:58  Zergling x2  
  116  7:59  Zergling x2  
  116  8:01  Zergling x4  
  116  8:03  Zergling x4  
  121  8:05  Zergling x2  
  121  8:06  Zergling x2  
  121  8:08  Zergling x2  
  121  8:09  Zergling x2  
  121  8:10  Zergling x2  
  121  8:15  Zergling x2  
  121  8:17  Drone  
  121  8:19  Zergling x2  
  124  8:21  Zergling x2  
  124  8:22  Zergling x8  
  124  8:23  Zergling x4  
  124  8:26  Zergling x2  
  132  8:31  Zergling x2  
  133  8:35  Queen, Zergling x4  
  133  8:37  Zergling x2  
  133  8:39  Infestor x2  
  133  8:40  Centrifical Hooks  
  138  8:42  Spore Crawler  
  138  8:44  Zergling x4  
  138  8:47  Baneling x14  
  138  8:48  Zergling x4  
  141  8:49  Zergling x2  
  141  8:50  Zergling x2  
  141  8:51  Zergling x2  
  141  8:53  Zergling x4  
  141  8:54  Zergling x2  
  141  8:55  Zergling x2  
  148  8:56  Zergling x2  
  148  8:58  Zergling x2  
  151  9:02  Zergling x2  
  151  9:04  Zergling x2  
  151  9:07  Zergling x2  
  154  9:10  Zergling x10  
  154  9:16  Hive, Zergling x2  
  159  9:18  Zerg Ground Armor Level 2  
  159  9:22  Zergling x16  
  159  9:23  Zergling x2  
  168  9:27  Zergling x4  
  168  9:29  Zergling x2  
  171  9:37  Zergling x2  
  171  9:38  Zergling x4  
  171  9:39  Zergling x2  
  171  9:40  Zergling x2  
  171  9:42  Zerg Melee Weapons Level 2, Baneling x4  
  171  9:43  Zergling x4  
  178  9:45  Zergling x6  
  178  9:46  Zergling x4  
  178  9:47  Zergling x4  
  178  9:48  Zergling x4  
  178  9:50  Zergling x2  
  184  9:53  Zergling x6  
  184  9:54  Zergling x4  
  184  9:57  Overlord  
  189  10:00  Overlord  
  189  10:02  Overlord  
  189  10:03  Overlord  
  189  10:11  Baneling  
  189  10:12  Baneling x5  
  189  10:13  Overlord, Baneling  
  189  10:16  Drone  
  189  10:18  Zergling x2, Hatchery  
  189  10:19  Zergling x2  
  189  10:20  Spire, Zergling x4  
  192  10:21  Zergling x4  
  192  10:24  Zergling x2  
  192  10:25  Zergling x6  
  192  10:26  Zergling x2  
  195  10:33  Adrenal Glands  
  195  10:35  Viper x2  
  193  10:41  Infestor x2  
  199  10:44  Ultralisk Cavern  
  199  10:46  Overlord  
  199  10:47  Baneling x3  
  199  10:48  Baneling x10  
  198  11:14  Zergling x2  
  198  11:15  Zergling x2  
  195  11:18  Zergling x4  
  195  11:19  Zergling x2  
  195  11:20  Zergling x14  
  195  11:21  Zergling x6  
  184  11:27  Zergling x2  
  184  11:28  Zergling x26  
  184  11:30  Zergling x2  
  179  11:35  Zerg Ground Armor Level 3, Chitinous Plating  
  179  11:39  Zergling x6  
  179  11:40  Zergling x4  
  179  11:41  Baneling  
  179  11:42  Baneling x7, Zergling x4  
  179  11:43  Zergling x4  
  177  11:47  Zergling x4  
  177  11:50  Zergling x2  
  178  12:00  Zerg Melee Weapons Level 3  
  178  12:01  Corruptor x4  
  176  12:05  Viper  
  175  12:16  Zerg Flyer Weapons Level 1  
  175  12:17  Corruptor x3  
  167  12:24  Drone x4  
  167  12:26  Drone  
  169  12:32  Drone x3  
  169  12:33  Drone  
  169  12:35  Drone  
  174  12:39  Drone  
  174  12:44  Drone  
  175  12:53  Drone  
  175  12:57  Drone  
  177  12:59  Drone  
  177  13:00  Drone x6  
  177  13:01  Drone x6  
  190  13:06  Viper  
  193  13:18  Infestor x3  
  199  13:24  Pathogen Glands  
  199  13:32  Zergling x2  
  198  13:44  Zergling x2  
  199  13:48  Corruptor  
  199  13:49  Corruptor  
  184  14:20  Spore Crawler  
  177  14:28  Corruptor x5  
  177  14:29  Zergling x2  
  177  14:30  Zergling x30  
  185  14:45  Infestor x2  
  185  14:47  Drone  
  185  14:48  Drone x2  
  185  14:50  Infestor, Zergling x14  
  199  14:55  Hatchery  
  198  15:05  Baneling x3  
  198  15:06  Baneling x18, Hatchery  
  198  15:07  Zergling x2  
  198  15:08  Extractor, Zergling x2  
  198  15:09  Zergling x2  
  198  15:10  Extractor  
  198  15:12  Zergling x2  
  198  15:13  Zergling x2  
  163  15:23  Zergling x34  
  163  15:24  Zergling x12  
  187  15:28  Zergling x2  
  187  15:35  Zergling x4  
  189  15:40  Zergling x8  
  189  15:41  Zergling x6  
  189  15:42  Zergling x4  
  180  15:45  Zergling x2  
  180  15:47  Infestor x2  
  155  15:50  Zergling x2  
  155  15:52  Baneling x22  
  155  15:53  Drone, Baneling x12  
  155  15:54  Drone x5  
  162  16:05  Infestor  
  162  16:07  Zergling x2  
  162  16:08  Zergling x14  
  172  16:12  Zergling x2  
  172  16:13  Drone  
  172  16:14  Zergling x4  
  172  16:17  Zergling x4  
  178  16:20  Infestor x2  
  178  16:25  Zergling x14  
  187  16:28  Zergling x2  
  187  16:29  Zergling x2  
  187  16:30  Zergling x4  
  187  16:31  Zergling x4  
  187  16:32  Zergling x4  
  197  16:37  Drone  
  197  16:38  Drone, Extractor  
  197  16:39  Spore Crawler  
  197  16:40  Zergling x6  
  200  16:48  Overlord  
  200  16:53  Zerg Flyer Weapons Level 2  
  200  16:58  Baneling x9  
  172  17:18  Infestor x4  
  157  17:26  Zergling x2  
  157  17:27  Zergling x42  
  157  17:29  Zergling x4  
  151  17:30  Zergling x2  
  151  17:32  Zergling x4  
  151  17:33  Zergling x2  
  151  17:34  Zergling x2  
  151  17:35  Zergling x4  
  154  17:38  Zergling x8  
  154  17:39  Zergling x2  
  154  17:40  Zergling x2  
  160  17:46  Corruptor  
  160  17:47  Baneling x5  
  160  17:48  Corruptor, Baneling x13  
  160  17:50  Drone x4  
  168  17:51  Zergling x2  
  168  17:52  Extractor  
  168  17:53  Corruptor  
  168  17:58  Drone x3  
  172  17:59  Corruptor  
  172  18:01  Drone  
  172  18:03  Spine Crawler  
  175  18:11  Zergling x4  
  175  18:12  Zergling x20  
  187  18:14  Drone  
  187  18:18  Corruptor  
  187  18:19  Corruptor  
  192  18:27  Corruptor x2  
  192  18:28  Corruptor  
  192  18:30  Drone  
  197  18:34  Corruptor  
  195  18:55  Corruptor x3  
  199  19:06  Drone  
  199  19:08  Overlord x3  
  199  19:19  Neural Parasite  
  199  19:48  Spore Crawler  
  195  19:57  Drone x2  
  195  19:58  Drone  
  197  20:05  Zergling x4  
  191  20:22  Zergling x14  
  191  20:27  Zergling x2  
  191  20:28  Zergling x26  
  173  20:33  Zergling x2  
  173  20:34  Zergling x6  
  155  20:36  Zergling x2  
  155  20:37  Zergling x4  
  139  20:45  Zergling x16  
  138  20:50  Zergling x2  
  138  20:52  Zergling x4  
  138  20:54  Zergling x4  
  142  21:00  Pneumatized Carapace  
  142  21:01  Overseer x4  
  136  21:05  Drone  
  136  21:06  Drone x8  
  136  21:09  Overseer  
  136  21:11  Drone x4  
  125  21:15  Zergling x6  
  125  21:16  Infestor x2  
  125  21:17  Overseer  
  134  21:25  Hatchery  
  133  21:27  Baneling  
  133  21:28  Drone, Baneling x16  
  133  21:29  Drone x11  
  145  21:35  Zergling x8  
  145  21:38  Zergling x4  
  151  21:41  Zergling x2  
  151  21:42  Zergling x6  
  155  21:47  Corruptor  
  155  21:48  Corruptor x4  
  165  21:57  Drone x3  
  165  21:59  Zergling x18  
  177  22:04  Corruptor x3  
  177  22:05  Corruptor  
  177  22:06  Corruptor  
  177  22:08  Zergling x2  
  188  22:10  Zergling x2  
  188  22:16  Infestor x3, Zergling x8, Hatchery  
  188  22:17  Infestor x6  
  188  22:18  Zergling x2  
  188  22:19  Zergling x2  
  188  22:20  Zergling x2  
  188  22:22  Zergling x2  
  192  22:23  Zergling x2  
  192  22:26  Zergling x2  
  192  22:29  Drone  
  194  22:31  Corruptor  
  194  22:32  Corruptor x2  
  198  22:45  Extractor  
  198  22:49  Zergling x14  
  198  22:50  Zergling x16  
  187  22:51  Spore Crawler x2  
  187  22:54  Zergling x6  
  185  22:58  Zergling x2  
  185  23:03  Zergling x8  
  188  23:06  Zergling x4  
  188  23:12  Infestor x3  
  191  23:13  Infestor  
  191  23:15  Zergling x6  
  191  23:16  Zergling x4  
  191  23:19  Drone  
  199  23:21  Baneling  
  199  23:22  Baneling x20  
  199  23:27  Overlord  
  199  23:38  Zergling x4  
  199  23:39  Zergling x4  
  199  23:48  Infestor x2  
  189  23:50  Zergling x4  
  189  23:51  Drone x3  
  189  23:52  Extractor, Zergling x4  
  199  23:57  Zergling x2  
  199  24:05  Zergling x2  
  200  24:16  Spore Crawler, Extractor  

Tags
 
Add a new tag
Caveats
  • Supply blocks, unpowered buildings, or Contaminate may cause inaccurate times.
  • Supply counts are checked every 10 seconds.